 Dungeon Crawl Stone Soup version 0.29-a0-775-g4d7333d4e2 (webtiles) character file.

Game seed: 13910337225705066945

33 Zonian the Sneak (level 3, -2/16 HPs)
             Began as a Vine Stalker Enchanter on July 1, 2022.
             Killed from afar by Natasha (6 damage)
             ... with a magic dart
             ... on level 2 of the Dungeon.
             The game lasted 00:03:44 (1774 turns).

Zonian the Sneak (Vine Stalker Enchanter)           Turns: 1774, Time: 00:03:47

Health: -2/16      AC:  2    Str: 10    XL:     3   Next: 29%
Magic:  0/7        EV: 12    Int: 15    God:
Gold:   76         SH:  0    Dex: 16    Spells: 5/7 levels left

rFire   . . .      SeeInvis +   d - +1 dagger (elec)
rCold   . . .      Faith    .   (no shield)
rNeg    . . .      Spirit   +   b - +0 robe
rPois   .          Reflect  .   (no helmet)
rElec   .          Harm     .   (no cloak)
rCorr   .          Rampage  .   (no gloves)
Will    .....                   (no boots)
Stlth   +++.......              (no amulet)
HPRegen 0.05/turn               k - ring of see invisible
MPRegen 0.10/turn               (no ring)

@: no status effects
A: fangs 2, magic shield, antimagic bite, no potion heal 2
a: no special abilities


You were on level 2 of the Dungeon.
You visited 1 branch of the dungeon, and saw 2 of its levels.

You collected 76 gold pieces.

Inventory:

Hand Weapons
 a - a +1 dagger
 d - a +1 dagger of electrocution (weapon)
 l - a +0 sling
Missiles
 j - 5 boomerangs (quivered)
Armour
 b - a +0 robe (worn)
Jewellery
 k - a ring of see invisible (left hand)
Potions
 c - 2 potions of invisibility
 e - a potion of curing {unknown}
 f - a potion of brilliance {unknown}
 g - a potion of cancellation {unknown}
 h - a potion of flight {unknown}
 i - a potion of berserk rage {unknown}
 m - a potion of attraction {unknown}


   Skills:
 + Level 1.3 Short Blades
 + Level 1.9 Dodging
 + Level 4.1 Stealth
 + Level 2.5 Spellcasting
 + Level 3.2 Hexes
 + Level 0.5 Ice Magic


You had 5 spell levels left.
You knew the following spells:

 Your Spells              Type           Power      Damage    Failure   Level
a - Ensorcelled Hibernat  Hex/Ice        14%        N/A       14%         2

Your spell library contained the following spells:

 Spells                   Type           Power      Damage    Failure   Level
 Confusing Touch          Hex            11%        N/A       17%         3
 Tukima's Dance           Hex            11%        N/A       17%         3
 Dazzling Flash           Conj/Hex       12%        N/A       32%         3


Dungeon Overview and Level Annotations

Branches:
Dungeon (2/15)

Altars:

Annotations:
D:2 Natasha


Innate Abilities, Weirdness & Mutations

You have extremely sharp teeth.
When hurt, damage is shared between your health and your magic reserves.
Your bite disrupts and absorbs the magic of your enemies.
Potions cannot restore your health.


Message History

Found 6 stones.
Unknown command.
Natasha, Servant of Life and Death comes into view.
Found 6 gold pieces.
Natasha is nearby!
Unknown command.
Found a cyan potion.
Found a scroll labelled HEIRONO GOFUTHOUH.
Natasha hisses angrily.
You hit Natasha. You bite Natasha.
Natasha's magic leaks into the air.
You drain her magic.
Natasha is moderately wounded.
Natasha's magic is no longer disrupted.
Natasha closely misses you.
You hit Natasha.
Natasha is moderately wounded.
Natasha claws you!
Unknown command.
You hit Natasha but do no damage. Your bite misses Natasha.
Natasha is moderately wounded.
Natasha mumbles some strange words.
Natasha shimmers violently.
Natasha barely misses you.
You hit Natasha. Your bite misses Natasha.
Natasha is heavily wounded.
Natasha casts a spell.
You closely miss Natasha. You bite Natasha.
Natasha's magic leaks into the air.
You drain her magic.
You feel invigorated.
Natasha is severely wounded.
Natasha claws you but does no damage.
You closely miss Natasha.
Natasha is severely wounded.
Natasha claws you!
Unknown command.
You hit Natasha.
Natasha is almost dead.
The crimson imp hits you.
* * * LOW HITPOINT WARNING * * *
Natasha stares at you and mumbles some strange words.
The magic dart hits you!
You die...

######### #.......#
#...!..5###
.....$h@..##############
#.......#...............
#.......################
#.......# #####..
#.?...... # #......
#.##.#### ... #...... #
#. #..##...... #.
#......### #......# #


You could see Natasha (magic disrupted) and a crimson imp (summoned).

Vanquished Creatures
  A worm (D:2)
  2 bats (D:1)
  8 endoplasms
  2 giant cockroaches
  2 goblins (D:1)
  2 hobgoblins
  2 quokkas
  2 frilled lizards (D:1)
  5 kobolds (D:1)
26 creatures vanquished.

Notes
Turn   | Place    | Note
-------+----------+-------------------------------------------
     0 | D:1      | Zonian the Vine Stalker Enchanter began the quest for the
                  | Orb.
     0 | D:1      | Reached XP level 1. HP: 9/9 MP: 4/4
    64 | D:1      | Reached skill level 1 in Short Blades
   177 | D:1      | Reached XP level 2. HP: 13/13 MP: 6/6
   180 | D:1      | Learned a level 2 spell: Ensorcelled Hibernation
   505 | D:1      | Found a faded altar of an unknown god.
   524 | D:1      | Reached skill level 4 in Stealth
  1362 | D:2      | Reached XP level 3. HP: 16/16 MP: 7/7
  1762 | D:2      | Noticed Natasha
  1774 | D:2      | Killed from afar by Natasha

Illustrated notes

Levels and vault maps discovered:
D:1:      wander_arrival_abandoned_jail, layout_rooms,
          hellmonk_ecumenical_altar_zigzags, bh_walls_and_bars
D:2:      layout_rooms, minmay_tiny_reverse_x, uniq_natasha

Skill      XL: |  1  2 |
---------------+-------+-----
Short Blades   | 1 |  1.3
Stealth        | 4 |  4.1
Dodging        | |  1.9
Spellcasting   | |  2.5
Hexes          | |  3.2
Ice Magic      | |  0.5

Action                   || total
-------------------------++-------
Melee: Dagger            ||    90
       Bite              ||    16
  Use: Scroll            ||     2
 Stab: Sleeping          ||     3
Armor: Robe              ||    35
Dodge: Dodged            ||    71

Table legend: (Time is in decaauts)
 A = Elapsed time spent in this place.
 B = Non-inter-level travel time spent in this place.
 C = Inter-level travel time spent in this place.
 D = Time resting spent in this place.
 E = Time spent auto-exploring this place.
 F = Levels seen in this place.
 G = Mean time per level.
                   A        B        C        D        E       F      G
               +--------+--------+--------+--------+--------+-----+--------+
         Total |   1768 |   1738 |     30 |    813 |    529 |   2 |  884.0 |
       Dungeon |   1768 |   1738 |     30 |    813 |    529 |   2 |  884.0 |
               +--------+--------+--------+--------+--------+-----+--------+

Top non-repeatable levels by time:
     D:1: 1173 daAuts
     D:2: 594 daAuts
